 Dungeon Crawl Stone Soup version 0.30-a0-389-g8d7d949 (webtiles) character file.

Game seed: 11356482486093064093

77189 BarneyGumball the Marksspriggan (level 15, -6/80 HPs)
             Began as a Spriggan Hunter on Dec 3, 2022.
             Was the Champion of Dithmenos.
             Killed from afar by a thorn hunter (30 damage)
             ... with a volley of thorns
             ... on level 2 of the Lair of Beasts.
             The game lasted 02:49:04 (27591 turns).

BarneyGumball the Marksspriggan (Spriggan Hunter)  Turns: 27591, Time: 02:49:05

Health: -6/80      AC:  8    Str:  7    XL:     15   Next: 14%
Magic:  26/26      EV: 30    Int: 13    God:    Dithmenos [******]
Gold:   1814       SH:  0    Dex: 24    Spells: 17/27 levels left

rFire   . . .      SeeInvis +    b - +2 shortbow (vorpal)
rCold   . . .      Faith    .    (shield currently unavailable)
rNeg    + . .      Spirit   .    k - +0 acid dragon scales
rPois   +          Reflect  .    P - +1 hat
rElec   .          Harm     .    g - +0 cloak
rCorr   +          Rampage  .    (gloves unavailable)
Will    ++...                    (boots unavailable)
Stlth   +++++++++.               B - amulet of regeneration
HPRegen 1.13/turn                G - ring of positive energy
MPRegen 0.20/turn                Z - ring of poison resistance

@: wreathed by umbra, very quick
A: very small, no large weapons, unfitting armour, see invisible, speed 3
a: Renounce Religion, Shadow Step, Shadow Form


You were on level 2 of the Lair of Beasts.
You worshipped Dithmenos.
Dithmenos was exalted by your worship.
You visited 6 branches of the dungeon, and saw 24 of its levels.
You also visited: Gauntlet.

You collected 2268 gold pieces.
You spent 454 gold pieces at shops.

Inventory:

Hand Weapons
 a - a +3 shortbow of holy wrath
 b - a +2 vorpal shortbow (weapon)
 o - a +1 dagger of venom
Missiles
 z - 2 curare-tipped darts
Armour
 g - a +0 cloak (worn)
 k - +0 acid dragon scales (worn)
 P - a +1 hat (worn)
Jewellery
 d - a ring of resist corrosion
 u - a +6 ring of dexterity
 B - an amulet of regeneration (around neck)
 E - an amulet of reflection
 G - a ring of positive energy (left hand)
 Q - a ring of magical power
 R - an amulet of the acrobat
 U - an amulet of guardian spirit
 Y - a ring of willpower
 Z - a ring of poison resistance (right hand)
Wands
 C - a wand of polymorph (8)
 F - a wand of flame (57)
 H - a wand of charming (10)
 I - a wand of mindburst (1)
 L - a wand of quicksilver (6)
 W - a wand of iceblast (19)
Scrolls
 c - 4 scrolls of enchant armour {unknown}
 h - a scroll of silence {unknown}
 j - a scroll of fear
 m - 2 scrolls of poison {unknown}
 q - 2 scrolls of teleportation
 r - 3 scrolls of fog
 t - 5 scrolls of enchant weapon
 y - 2 scrolls of summoning {unknown}
 A - a scroll of amnesia {unknown}
 D - a scroll of magic mapping
 K - 2 scrolls of acquirement {unknown}
 N - a scroll of brand weapon {unknown}
 O - 5 scrolls of immolation
Potions
 e - a potion of haste
 f - 9 potions of flight
 i - a potion of berserk rage
 l - 2 potions of resistance
 n - 5 potions of lignification
 s - 3 potions of attraction
 w - 4 potions of brilliance
 S - 2 potions of mutation {unknown}
 T - 2 potions of might
 V - a potion of ambrosia {unknown}


   Skills:
 - Level 10.0 Fighting
 - Level 16.0 Ranged Weapons
 + Level 15.6 Dodging
 - Level 12.0 Stealth
 + Level 6.8 Spellcasting
 + Level 6.7 Hexes
 - Level 7.0 Summonings
 + Level 0.0 Air Magic
 * Level 7.0 Invocations


You had 17 spell levels left.
You knew the following spells:

 Your Spells              Type           Power      Damage    Failure   Level
a - Slow                  Hex            84%        N/A       1%          1
b - Summon Mana Viper     Hex/Summ       22%        N/A       45%         5
c - Summon Lightning Spi  Summ/Air       13%        N/A       56%         4

Your spell library contained the following spells:

 Spells                   Type           Power      Damage    Failure   Level
 Confusing Touch          Hex            21%        N/A       5%          3
 Tukima's Dance           Hex            21%        N/A       5%          3
 Ensorcelled Hibernation  Hex/Ice        26%        N/A       12%         2
 Freeze                   Ice            16%        1d4       30%         1
 Passwall                 Tmut/Erth      3%         N/A       41%         2
 Frozen Ramparts          Ice            8%         1d2       65%         3
 Hailstorm                Conj/Ice       4%         3d4       65%         3
 Swiftness                Air            4%         N/A       65%         3
 Vampiric Draining        Necr           4%         2d6       65%         3
 Summon Forest            Summ/Tloc      6%         N/A       89%         5
 Yara's Violent Unravell  Hex/Tmut       6%         3d5       91%         5
 Summon Cactus Giant      Summ           11%        N/A       95%         6
 Airstrike                Air            2%         2d(1-17)  96%         4
 Ice Form                 Ice/Tmut       4%         N/A       96%         4
 Passage of Golubria      Tloc           4%         N/A       96%         4
 Blade Hands              Tmut           2%         N/A       100%        5
 Irradiate                Conj/Tmut      2%         3d12      100%        5
 Lightning Bolt           Conj/Air       2%         1d13      100%        5
 Simulacrum               Ice/Necr       2%         N/A       100%        6
 Dragon Form              Tmut           2%         N/A       100%        7


Dungeon Overview and Level Annotations

Branches:
Dungeon (13/15)            Temple (1/1) D:6            Lair (5/5) D:11
  Swamp (1/4) Lair:2       Spider (2/4) Lair:2        Slime (0/5) Lair:4
    Orc (2/2) D:10        Gauntlet (visited)
    Elf: Orc:2       Vaults: D:13-14

Altars:
Ashenzari
Cheibriados
Dithmenos
Elyvilon
Fedhas
Gozag
Hepliaklqana
Kikubaaqudgha
Makhleb
Nemelex Xobeh
Okawaru
Qazlal
Ru
Sif Muna
Trog
Uskayaw
Vehumet
Wu Jian
Xom
Yredelemnul
Zin
The Shining One
Jiyva

Shops:
D:7 *   D:10 *   Orc:1 :   Orc:2 *(:*

Portals:
Hell: Lair:5

Annotations:
D:2 1 runed translucent door, Crazy Yiuf
D:11 exclusion: cyclops
Lair:1 exclusion: orange crystal statue
Lair:3 3 runed translucent doors, Vyatore's ghost, journeyman DEIE
Lair:4 3 runed translucent doors, Draconius's ghost, journeyman GrIE; Toastz's ghost, journeyman GrBe
Lair:5 exclusion: oklob plant
Spider:2 Frances
Orc:2 Nessos


Innate Abilities, Weirdness & Mutations

You are very small and have problems with some larger weapons.
You are too small for most types of armour.
You have supernaturally acute eyesight. (SInv)
You cover ground extremely quickly. (Speed+++)


Message History

Press: ? - help, Q - select action, (/) - cycle Shift-Dir - straight line, f/p - thorn hunter
Aim: a thorn hunter (black smoke, almost destroyed, umbra, 78% to hit)
You shoot an arrow. The arrow hits the thorn hunter.
The thorn hunter is almost destroyed.
Fire: b) +2 shortbow (vorpal)
Press: ? - help, Q - select action, (/) - cycle Shift-Dir - straight line, f/p - thorn hunter
Aim: a thorn hunter (almost destroyed, umbra, 78% to hit)
You shoot an arrow. The arrow hits the thorn hunter.
The thorn hunter is almost destroyed.
The thorn hunter gestures.
Thorny briars emerge from the ground!
Fire: b) +2 shortbow (vorpal)
Press: ? - help, Q - select action, (/) - cycle Shift-Dir - straight line, f/p - thorn hunter
Aim: a thorn hunter (almost destroyed, umbra, 78% to hit)
You shoot an arrow.
The arrow barely misses the thorn hunter.
Your shadow shoots an arrow.
The arrow barely misses the thorn hunter.
The thorn hunter gestures.
Fire: b) +2 shortbow (vorpal)
Press: ? - help, Q - select action, (/) - cycle Shift-Dir - straight line, f/p - thorn hunter
Aim: a thorn hunter (almost destroyed, umbra, 78% to hit)
You shoot an arrow.
The arrow hits the thorn hunter but does no damage.
The thorn hunter is almost destroyed.
Your shadow shoots an arrow.
The arrow hits the thorn hunter.
The thorn hunter fires a volley of thorns at you.
The volley of thorns hits you!!
* * * LOW HITPOINT WARNING * * *
Okay, then.
Fire: b) +2 shortbow (vorpal)
Press: ? - help, Q - select action, (/) - cycle Shift-Dir - straight line, f/p - thorn hunter
Aim: a thorn hunter (almost destroyed, umbra, 78% to hit)
You shoot an arrow.
The arrow hits the thorn hunter but does no damage.
The thorn hunter is almost destroyed.
The thorn hunter fires a volley of thorns at you.
The volley of thorns hits you!!
You die...

...P##...##....# #......#.....#..
...###.#.###...###...........##..
...##..#.###.PP##.##..####...####
...##.+.##.#.PP#####..####...#P##
.............PP.###.#.P..#.......
.............PP..................
.............PP..................
...##...###..PP.....f.........P.#
.............P##@#.....#....##..#
...#......#...#.#.##.P##....♣#♣♣♣
..............####..'###f.§.# ♣§§
...P......P...# #....###§§..♣ ♣§§
...[......#...###....P#§§§§.♣ ♣§.
..............##.....###§§§.#♣♣§~
..........#...######.# #§§....♣♣♣
...#......#...# #####§§...#...
.........##...#######.P#.f..#....


You could see a thorn hunter.

Vanquished Creatures
  Mlioglotl (Spider:1)
  Gastronok (Lair:2)
  2 emperor scorpions (Lair:2)
  A minotaur (Gauntlet)
  2 entropy weavers (Spider:1)
  2 hydras
  A jorogumo (Spider:1)
  An ogre mage (Orc:2)
  A centaur warrior (Orc:2)
  2 two-headed ogres (D:12)
  Erica (D:10)
  2 death yaks (Lair:5)
  2 pharaoh ants (Spider:1)
  A fire crab (Gauntlet)
  A sixfirhy (Lair:5)
  6 orb spiders
  5 steelbarb worms
  4 bog bodies (Lair:2)
  A wizard (Lair:5)
  An ugly thing (D:12)
  A lindwurm (Lair:4)
  An oklob plant (Gauntlet)
  6 wolf spiders
  4 cyclopes (Orc:2)
  A moth of wrath (Spider:2)
  4 black mambas
  2 torpor snails
  5 elephants (Lair:5)
  12 cane toads
  2 orange demons (Lair:5)
  A gargoyle (D:12)
  A smoke demon (Gauntlet)
  9 rime drakes
  2 unseen horrors (D:11)
  A kobold demonologist (D:10)
  4 demonic crawlers
  6 komodo dragons
  2 ice devils (Lair:5)
  3 polar bears
  2 red devils
  4 tarantellas
  5 trolls
  28 blink frogs
  A hornet (Swamp:1)
  5 slime creatures (D:12)
  7 dream sheep
  12 jumping spiders
  A spriggan (Swamp:1)
  2 shadows
  A wyvern (D:7)
  39 yaks
  2 vampires
  3 basilisks
  8 culicivoras
  3 fire bats (Gauntlet)
  3 steam dragons
  2 vampire mosquitoes
  3 wargs
  30 redbacks
  3 acid dragons
  6 hell hounds
  15 water moccasins
  2 sky beasts (D:7)
  17 orc warriors
  A black bear (D:6)
  4 ice beasts
  11 ogres
  2 wolves (D:11)
  9 centaurs
  3 phantoms (D:4)
  5 kobold brigands
  2 bullfrogs (Lair:2)
  A necrophage (D:5)
  2 gnoll sergeants
  3 scorpions
  A killer bee (D:7)
  3 howler monkeys
  2 electric eels
  2 crimson imps (Gauntlet)
  12 orc priests
  4 hounds (D:5)
  2 jellies
  4 iguanas
  20 orc wizards
  Natasha (twice) (D:4 D:3)
  5 hell rats (Lair:4)
  5 adders
  13 gnolls
  A shadow imp (D:8)
  A white imp (D:6)
  An ufetubus (D:4)
  2 worms
  7 dart slugs
  63 orcs
  4 bats
  4 endoplasms
  3 giant cockroaches
  4 goblins
  7 hobgoblins
  2 jackals (D:3)
  8 quokkas
  7 ball pythons
  4 frilled lizards
  24 kobolds
  4 rats
  A bush (D:2)
574 creatures vanquished.

Vanquished Creatures (others)
  A jorogumo (Spider:1)
  An orb spider (Spider:2)
  A demonic crawler (Spider:2)
  A culicivora (Spider:1)
  A sky beast (D:8)
  A human (D:8)
  5 orcs
  A briar patch (Swamp:1)
  18 fungi
  19 plants
  2 starspawn tentacles (Spider:1)
51 creatures vanquished.

Grand Total: 625 creatures vanquished

Notes
Turn   | Place    | Note
-------+----------+-------------------------------------------
     0 | D:1      | BarneyGumball the Spriggan Hunter began the quest for the
                  | Orb.
     0 | D:1      | Reached XP level 1. HP: 10/10 MP: 2/2
   266 | D:1      | Reached XP level 2. HP: 14/14 MP: 3/3
   734 | D:1      | Reached skill level 5 in Ranged Weapons
   734 | D:1      | Reached XP level 3. HP: 18/18 MP: 4/4
  1455 | D:2      | Reached XP level 4. HP: 22/22 MP: 5/5
  1505 | D:2      | Reached skill level 6 in Ranged Weapons
  2187 | D:2      | Found a runed translucent door.
  2188 | D:2      | Noticed Crazy Yiuf
  2449 | D:3      | Reached XP level 5. HP: 25/25 MP: 6/6
  2823 | D:3      | Found a sparkling altar of Nemelex Xobeh.
  3273 | D:4      | Reached skill level 7 in Ranged Weapons
  3289 | D:4      | Noticed Natasha
  3313 | D:4      | Killed Natasha
  3323 | D:4      | Reached XP level 6. HP: 30/30 MP: 7/7
  3326 | D:4      | Noticed Natasha
  3357 | D:3      | Killed Natasha
  3920 | D:4      | Reached XP level 7. HP: 35/35 MP: 8/8
  3995 | D:5      | Entered Level 5 of the Dungeon
  4193 | D:5      | Reached skill level 8 in Ranged Weapons
  4313 | D:5      | Found an opulent altar of Gozag.
  4379 | D:5      | Reached skill level 5 in Dodging
  4840 | D:5      | Reached XP level 8. HP: 40/40 MP: 9/9
  5218 | D:6      | Reached skill level 9 in Ranged Weapons
  5604 | D:6      | Found a staircase to the Ecumenical Temple.
  5631 | Temple   | Entered the Ecumenical Temple
  5638 | Temple   | Became a worshipper of Dithmenos the Shadowed
  6031 | D:7      | Found Kisal's Assorted Antiques.
  6103 | D:7      | Reached skill level 10 in Ranged Weapons
  6168 | D:7      | Reached XP level 9. HP: 46/46 MP: 10/10
  6848 | D:7      | Reached skill level 5 in Fighting
  6906 | D:8      | Found a shimmering blue altar of Sif Muna.
  7018 | D:8      | Found an ancient bone altar of Kikubaaqudgha.
  7452 | D:9      | Reached skill level 11 in Ranged Weapons
  7490 | D:9      | Reached * piety under Dithmenos
  7726 | D:10     | Entered Level 10 of the Dungeon
  7763 | D:10     | Noticed a kobold demonologist
  7962 | D:10     | Noticed a troll
  7969 | D:10     | Killed a troll
  8011 | D:10     | Noticed an angel
  8012 | D:10     | Found Miskicel's Hallowed Reliquary.
  8022 | D:10     | Bought a +2 shortbow of holy wrath for 174 gold pieces
  8216 | D:10     | Reached XP level 10. HP: 53/53 MP: 11/11
  8257 | D:10     | Found a staircase to the Orcish Mines.
  8284 | D:10     | Reached ** piety under Dithmenos
  8582 | D:10     | Found a hazy altar of Hepliaklqana.
  8707 | D:10     | Reached skill level 12 in Ranged Weapons
  9016 | D:10     | Reached skill level 10 in Dodging
  9314 | D:11     | Noticed a cyclops
  9564 | D:10     | Learned a level 1 spell: Slow
  9607 | D:11     | Found a staircase to the Lair.
  9721 | D:11     | Reached skill level 1 in Spellcasting
  9721 | D:11     | Reached skill level 1 in Hexes
  9793 | D:10     | Reached skill level 13 in Ranged Weapons
  9946 | D:10     | Reached *** piety under Dithmenos
 10040 | D:11     | Reached XP level 11. HP: 58/58 MP: 13/15
 10971 | D:12     | Noticed a two-headed ogre
 10971 | D:12     | Noticed a white ugly thing
 11022 | D:12     | Killed a white ugly thing
 11207 | D:12     | Killed a two-headed ogre
 11246 | D:12     | Noticed a two-headed ogre
 11270 | D:12     | Killed a two-headed ogre
 12148 | D:13     | Noticed a two-headed ogre
 12225 | D:13     | Noticed a boulder beetle
 12405 | D:13     | Noticed a centaur warrior
 12516 | Lair:1   | Entered Level 1 of the Lair of Beasts
 12531 | D:11     | Reached **** piety under Dithmenos
 12589 | D:11     | Reached skill level 14 in Ranged Weapons
 12604 | D:11     | Noticed a deep troll
 12747 | D:11     | Reached skill level 5 in Spellcasting
 12824 | D:11     | Reached skill level 5 in Hexes
 12909 | Lair:1   | Reached XP level 12. HP: 64/64 MP: 20/20
 13696 | Lair:1   | Learned a level 5 spell: Summon Mana Viper
 14221 | Lair:2   | Noticed Gastronok
 14277 | Lair:2   | Reached skill level 1 in Summonings
 14394 | Lair:2   | Found a hole to the Spider Nest.
 14797 | Lair:2   | Reached skill level 15 in Ranged Weapons
 14827 | Lair:2   | Found a staircase to the Swamp.
 14967 | Lair:3   | Reached ***** piety under Dithmenos
 14968 | Lair:3   | Found a runed translucent gate.
 14969 | Lair:3   | Found a runed translucent gate.
 14970 | Lair:3   | Found a runed translucent gate.
 14970 | Lair:3   | Noticed Vyatore's ghost (journeyman DEIE)
 15069 | Lair:3   | You fall into a shaft and drop 2 floors!
 15069 | Lair:5   | Entered Level 5 of the Lair of Beasts
 15126 | Lair:5   | Found a shadowy altar of Dithmenos.
 15218 | Lair:4   | Noticed a four-headed hydra
 15237 | Lair:4   | Killed a four-headed hydra
 15436 | Lair:4   | Found a viscous altar of Jiyva.
 15437 | Lair:4   | Found a staircase to the Slime Pits.
 15670 | Lair:4   | Reached XP level 13. HP: 68/68 MP: 22/22
 15779 | Lair:4   | Found a gate leading to a gauntlet.
 15784 | Gauntlet | Entered a Gauntlet
 15784 | Gauntlet | Found a transporter.
 15784 | Gauntlet | Found a transporter.
 15790 | Gauntlet | Found a transporter.
 15791 | Gauntlet | Found a transporter.
 15802 | Gauntlet | Found a transporter.
 15814 | Gauntlet | Found a transporter.
 15821 | Gauntlet | Reached skill level 5 in Stealth
 15865 | Gauntlet | Found a transporter.
 15885 | Gauntlet | Found a transporter.
 15912 | Gauntlet | Found a transporter.
 15912 | Gauntlet | Found a transporter.
 16003 | Gauntlet | Found a transporter.
 16082 | Gauntlet | Found a runed translucent door.
 16083 | Gauntlet | Found a transporter.
 16112 | Gauntlet | Reached skill level 16 in Ranged Weapons
 16118 | Gauntlet | Found a transporter.
 16123 | Gauntlet | Identified the +2 hat of the Leaping Gods {-Tele Will+
                  | rCorr Str+2}
 16175 | Gauntlet | Noticed a minotaur
 16211 | Gauntlet | Killed a minotaur
 16426 | Lair:4   | Found a runed translucent gate.
 16426 | Lair:4   | Found a runed translucent gate.
 16426 | Lair:4   | Found a runed translucent gate.
 16430 | Lair:4   | Noticed Toastz's ghost (journeyman GrBe)
 16430 | Lair:4   | Noticed Draconius's ghost (journeyman GrIE)
 16707 | Orc:1    | Entered Level 1 of the Orcish Mines
 16709 | Orc:1    | Noticed Erica
 16775 | D:10     | Killed Erica
 16921 | Orc:2    | Entered Level 2 of the Orcish Mines
 17346 | Orc:2    | Reached skill level 5 in Summonings
 17516 | Orc:1    | Found Taorin's Book Shop.
 18251 | Orc:2    | Found Ameurgh's Book Shop.
 18251 | Orc:2    | Found Kaificzi's Weapon Emporium.
 18253 | Orc:2    | Found Qammesch's Assorted Antiques.
 18255 | Orc:2    | Found Onyheycs's General Store.
 18265 | Orc:2    | Bought a runed shortbow for 210 gold pieces
 18265 | Orc:2    | Bought a scroll of identify for 70 gold pieces
 18299 | Orc:2    | Reached skill level 10 in Stealth
 18331 | Orc:2    | Noticed Nessos
 19839 | Lair:5   | Reached skill level 1 in Invocations
 19931 | Lair:5   | Reached XP level 14. HP: 73/73 MP: 23/23
 20189 | Lair:5   | Reached ****** piety under Dithmenos
 20222 | Lair:5   | Found a burning altar of Makhleb.
 20767 | Lair:5   | Found a gateway to Hell.
 21062 | Spider:1 | Entered Level 1 of the Spider Nest
 21142 | Lair:2   | Killed Gastronok
 22324 | Spider:1 | Noticed an emperor scorpion
 22386 | Swamp:1  | Entered Level 1 of the Swamp
 22386 | Swamp:1  | Noticed a thorn hunter
 22711 | Lair:2   | Killed an emperor scorpion
 22712 | Lair:2   | Reached skill level 5 in Invocations
 24116 | Spider:1 | Reached skill level 15 in Dodging
 24717 | Spider:2 | Noticed Mlioglotl
 24740 | Spider:2 | Noticed an emperor scorpion
 26590 | Spider:1 | Reached XP level 15. HP: 61/80 MP: 26/26
 26980 | Spider:1 | Noticed a tentacled starspawn
 27009 | Spider:1 | Killed Mlioglotl
 27116 | Spider:2 | Noticed Frances
 27275 | Lair:2   | Killed an emperor scorpion
 27276 | Lair:2   | Reached skill level 10 in Fighting
 27281 | Lair:2   | Learned a level 4 spell: Summon Lightning Spire
 27591 | Lair:2   | Killed from afar by a thorn hunter

Illustrated notes

Levels and vault maps discovered:
D:1:      ncdulo_halloftheorcs, layout_basic
D:2:      layout_basic, uniq_crazy_yiuf_cottage
D:3:      layout_basic, lemuel_tele_altar, serial_corexii_hall,
          corexii_hall_statues_x, corexii_hall_statues_t
D:4:      minmay_chambers_of_threes, layout_rooms, uniq_natasha
D:5:      layout_loops_ring, kennysheep_little_box
D:6:      layout_loops_ring, temple_pool_b, hangedman_decor_slide_cut
D:7:      layout_rooms, serial_shops, nicolae_shop_hallway_stairs,
          kennysheep_generic_room_3
D:8:      layout_basic, old_standard_altar, tgw_kikubaaqudgha,
          kennysheep_cluttered_room, chequers_serial_rivers_marsh
D:9:      layout_basic
D:10:     layout_stronghold, mainiacjoe_overflow_alcove_4, hiddenorc2_lemuel,
          nicolae_good_shop
D:11:     dreamdust_cave_troll, layout_cave_pools, hellmonk_lair_entry_icy
D:12:     layout_basic
D:13:     layout_irregular_city, david_vaults_4
Temple:   sentei_temple_godly_chess
Lair:1:   statuecave_lemuel, layout_gridlike, grunt_megastairs_1
Lair:2:   layout_regular_city, nicolae_swamp_entry_splash_gauntlet,
          nicolae_spider_entry_orb_guardian, uniq_gastronok
Lair:3:   layout_regular_city, ebering_ghost_rock_garden,
          chequers_serial_rivers_micro_a, chequers_serial_rivers_micro_e,
          grunt_megastairs_2
Lair:4:   layout_loops_ring, slime_entry_1, gammafunk_ghost_cemetery,
          gauntlet_entry_generic
Lair:5:   evil_forest, layout_hall_layers, basic_altar, lemuel_old_faithful
Swamp:1:  layout_basic_swamp, hangedman_swamp_ruin_wall, swamp_pool1,
          nicolae_swamp_orc_logging_accident, infiniplex_staircase_pool_2,
          uniq_josephine
Spider:1: layout_cave_pods
Spider:2: layout_spider_delve, uniq_frances, uniq_mlioglotl
Orc:1:    layout_caves, serial_shops, shop, uniq_erica
Orc:2:    st_orc_rangers, layout_diamond_mine, mines4_lemuel, uniq_nessos

Skill      XL: |  1  2  3  4  5  6  7  8  9 10 11 12 13 14 15 |
---------------+----------------------------------------------+-----
Ranged Weapons | 5 6 7 8 10 11 13 14 15 16 | 16.0
Dodging        | 3 4 5 7 9 10 11 13 15 | 15.6
Fighting       | 2 3 4 5 6 7 8 9 10 | 10.0
Spellcasting   | 2 5 6 |  6.8
Hexes          | 2 5 6 |  6.7
Summonings     | 3 7 |  7.0
Stealth        | 4 12 | 12.0
Invocations    | 1 6 7 |  7.0

Action                   |  1- 3 |  4- 6 |  7- 9 | 10-12 | 13-15 || total
-------------------------+-------+-------+-------+-------+-------++-------
 Fire: Shortbow          |    87 |   250 |   399 |  1084 |  1784 ||  3604
Throw: Dart              |       |       |       |       |    11 ||    11
 Cast: Slow              |       |       |       |       |    17 ||    17
Invok: Shadow Form       |       |       |       |       |     1 ||     1
  Use: Scroll            |       |       |     3 |    13 |    16 ||    32
       Potion            |       |       |     1 |     3 |    12 ||    16
Armor: Robe              |     1 |     5 |     2 |       |       ||     8
       Steam dragon scal |       |       |     1 |    11 |       ||    12
       Acid dragon scale |       |       |       |       |    65 ||    65
Dodge: Dodged            |     4 |    27 |    51 |   278 |   902 ||  1262

Table legend: (Time is in decaauts)
 A = Elapsed time spent in this place.
 B = Non-inter-level travel time spent in this place.
 C = Inter-level travel time spent in this place.
 D = Time resting spent in this place.
 E = Time spent auto-exploring this place.
 F = Levels seen in this place.
 G = Mean time per level.
                   A        B        C        D        E       F      G
               +--------+--------+--------+--------+--------+-----+--------+
         Total |  18618 |  16728 |   1890 |   1116 |   7731 |  25 |  744.7 |
       Dungeon |   8684 |   7914 |    770 |    123 |   4570 |  13 |  668.0 |
        Temple |     10 |      6 |      4 |      0 |      0 |   1 |   10.0 |
          Lair |   5362 |   4673 |    689 |    349 |   2172 |   5 | 1072.4 |
         Swamp |     16 |     16 |      0 |      0 |      0 |   1 |   16.0 |
   Spider Nest |   3119 |   2782 |    337 |    530 |    490 |   2 | 1559.5 |
  Orcish Mines |   1130 |   1043 |     87 |     81 |    497 |   2 |  565.0 |
      Gauntlet |    294 |    294 |      0 |     32 |      0 |   1 |  294.0 |
               +--------+--------+--------+--------+--------+-----+--------+

Top non-repeatable levels by time:
Spider:1: 2720 daAuts
  Lair:2: 2148 daAuts
    D:10: 1499 daAuts
  Lair:5: 1118 daAuts
    D:11: 997 daAuts
     D:2: 990 daAuts
    D:12: 906 daAuts
  Lair:4: 898 daAuts
   Orc:2: 840 daAuts
     D:5: 750 daAuts
  Lair:1: 724 daAuts
     D:1: 606 daAuts
     D:6: 564 daAuts
     D:7: 552 daAuts
     D:3: 543 daAuts
